 Dungeon Crawl Stone Soup version 0.21.1-1-g345015fe64 (webtiles) character file.

365 CaptDreibein the Chopper (level 6, -1/47 HPs)
             Began as a Demonspawn Gladiator on June 17, 2018.
             Slain by a gnoll
             ... wielding a +0 halberd
              (6 damage)
             ... on level 4 of the Dungeon.
             The game lasted 00:07:28 (3326 turns).

CaptDreibein the Chopper (Demonspawn Gladiator)     Turns: 3326, Time: 00:07:28

Health: -1/47      AC:  7    Str: 22    XL:     6   Next: 40%
Magic:  6/6        EV: 11    Int:  9    God:
Gold:   126        SH:  3    Dex: 14    Spells: 5/5 levels left

rFire    . . .     SeeInvis .   a - +0 war axe
rCold    . . .     Gourm    .   m - +0 buckler
rNeg     . . .     Faith    .   e - +0 scale mail
rPois    .         Spirit   .   c - +0 helmet
rElec    .         Reflect  .   (no cloak)
rCorr    .         Harm     .   (no gloves)
MR       .....                  (no boots)
Stlth    ..........             (no amulet)
HPRegen  0.15/turn              (no ring)
MPRegen  0.10/turn              (no ring)

@: mighty
A: hooves 1, powered by pain 1, spiny 1
a: no special abilities


You were on level 4 of the Dungeon.
You were not hungry.

You visited 1 branch of the dungeon, and saw 4 of its levels.

You collected 126 gold pieces.

Inventory:

Hand Weapons
 a - a +0 war axe (weapon)
Missiles
 d - 4 throwing nets (quivered)
Armour
 c - a +0 helmet (worn)
 e - a +0 scale mail (worn)
 m - a +0 buckler (worn)
Scrolls
 j - a scroll of fear {unknown}
 n - a scroll of identify {unknown}
 p - a scroll of enchant weapon {unknown}
 q - a scroll of magic mapping {unknown}
 r - 2 scrolls of teleportation
 s - a scroll of immolation {unknown}
 u - a scroll of fog {unknown}
Potions
 b - 4 potions of invisibility {unknown}
 g - a potion of might {unknown}
 h - 5 potions of curing {unknown}
 i - a potion of heal wounds {unknown}
 k - 2 potions of degeneration {unknown}
 l - a potion of resistance {unknown}
 o - a potion of ambrosia {unknown}
Comestibles
 f - 9 rations


   Skills:
 + Level 3.3 Fighting
 + Level 4.6 Axes
 + Level 1.8 Throwing
 + Level 2.6 Armour
 + Level 3.4 Dodging
 + Level 0.8 Stealth
 + Level 0.5 Shields


You had 5 spell levels left.
You didn't know any spells.

Dungeon Overview and Level Annotations

Branches:
Dungeon (4/15)
 Temple: D:4-7

Altars:
Kikubaaqudgha

Shops:
D:4 *


Innate Abilities, Weirdness & Mutations

You have large cloven feet.
You sometimes gain a little power by taking damage.
You are partially covered in sharp spines.


Message History

The gnoll is severely wounded.
The gnoll hits you but does no damage. The gnoll barely misses you.
The gnoll hits you with a flail.
You slash the gnoll!
You kill the gnoll!
The gnoll barely misses you.
The gnoll hits you from afar with a halberd.
The gnoll closely misses you.
The gnoll hits you from afar with a halberd!
You are too injured to fight recklessly!
The gnoll hits you from afar with a halberd.
* * * LOW HITPOINT WARNING * * *
The gnoll barely misses you.
You see here a throwing net.
The gnoll is struck by your spines. The gnoll hits you with a halberd!
* * * LOW HITPOINT WARNING * * *
You focus on the pain.
You feel very mighty all of a sudden.
The gnoll hits you from afar with a halberd.
You die...

..
..........##.#
#
#..........##.#
## ........##.#
.. ........##.#
........##.#
........##.## #
...#######..# #
##. ##.# ..# #
#$### #@# ....#
#....####g#
..#..
...##....g.#
...#
#.....g.#.#
#....
#.....)†#.#
.....
.........#..
....
##....<....(.
....
#.......#.###
....
........[#.#


You could see 2 gnolls.

Vanquished Creatures
  2 hounds
  2 orc wizards (D:4)
  3 worker ants
  A gnoll (D:4)
  7 adders
  3 oozes
  2 worms (D:2)
  2 dart slugs
  2 leopard geckos (D:1)
  3 orcs
  2 bat zombies (D:3)
  3 giant cockroaches
  10 goblins
  9 hobgoblins
  4 jackals
  4 kobolds
  2 ball pythons (D:1)
  9 bats
  4 frilled lizards
  5 rats
79 creatures vanquished.

Notes
Turn   | Place    | Note
-------+----------+-------------------------------------------
     0 | D:1      | CaptDreibein the Demonspawn Gladiator began the quest for the Orb.
     0 | D:1      | Reached XP level 1. HP: 16/16 MP: 1/1
   206 | D:1      | Gained mutation: You have large cloven feet. [demonic ancestry]
   206 | D:1      | Reached XP level 2. HP: 22/22 MP: 2/2
   223 | D:1      | Reached skill level 3 in Axes
   630 | D:1      | Gained mutation: You sometimes gain a little power by taking damage. [demonic ancestry]
   630 | D:1      | Reached XP level 3. HP: 26/27 MP: 3/3
  1330 | D:2      | Reached XP level 4. HP: 19/34 MP: 4/4
  2192 | D:3      | Reached skill level 1 in Armour
  2192 | D:3      | Gained mutation: You are partially covered in sharp spines. [demonic ancestry]
  2192 | D:3      | Reached XP level 5. HP: 24/41 MP: 5/5
  2196 | D:3      | Reached skill level 4 in Axes
  2719 | D:3      | Found an ancient bone altar of Kikubaaqudgha.
  3166 | D:4      | Reached XP level 6. HP: 46/47 MP: 6/6
  3203 | D:4      | Found Destriav's Assorted Antiques.
  3326 | D:4      | Slain by a gnoll

Skill      XL: |  1  2  3  4  5 |
---------------+----------------+-----
Dodging        | 3 |  3.4
Axes           | 3 4 |  4.6
Fighting       | 3 |  3.3
Armour         | 1 2 |  2.6
Throwing       | |  1.8
Stealth        | |  0.8
Shields        | |  0.5

Action                   |  1- 3 |  4- 6 || total
-------------------------+-------+-------++-------
Melee: War axe           |   107 |    87 ||   194
       Kick              |    20 |    24 ||    44
  Use: Scroll            |     2 |     1 ||     3
  Eat: Chunk             |     1 |     7 ||     8
Armor: Scale mail        |    64 |    44 ||   108
Dodge: Dodged            |    76 |    51 ||   127
Block: Buckler           |    15 |    18 ||    33
